[Event "Early-Titled-Tuesday-Blitz-April-02-2024"]
[Site "Chess.com"]
[Date "2024.04.02"]
[Round "7"]
[White "Byniolus"]
[Black "GOGIEFF"]
[Result "0-1"]
[WhiteElo "2788"]
[BlackElo "3021"]
[TimeControl "180+1"]
[EndTime "9:17:31 PDT"]
[Termination "GOGIEFF won by checkmate"]

1. d4 Nf6 2. Nf3 b6 3. Bf4 Bb7 4. e3 e6 5. h3 Bd6 6. Bxd6 cxd6 7. Nbd2 O-O 8. Bd3 d5 9. O-O d6 10. c4 Nbd7 11. Qb3 dxc4 12. Bxc4 Rc8 13. Rfc1 Qc7 14.
Rc3 Qb8 15. Rac1 a6 16. a4 Nd5 17. R3c2 a5 18. Bb5 N7f6 19. Rxc8 Rxc8 20. Qd1 Nb4 21.
Ne1 Qa8 22. Nc4 Qb8 23. Nxb6 Rxc1 24. Qxc1 h5 25. Nc4 Qc7 26. Qd1 Be4 27. f3 Bg6 28. Qd2 Bh7 29. Qf2 d5 30. Ne5 Qc1 31. Kh2 Qd1 32.
g4 h4 33. Ng2 g5 34. Qe2 Qc1 35. b3 Kg7 36. Qf2 Bc2 37. Nd7 Nxd7 38. Bxd7 Bxb3 39.
f4 Qc7 40. Bb5 Bc2 41. Kg1 f6 42. fxg5 fxg5 43. Ne1 Be4 44. Nf3 Qc1+ 45. Kh2 Nc2 46. Nxg5 Qh1# 0-1

[Event "Early-Titled-Tuesday-Blitz-April-02-2024"]
[Site "Chess.com"]
[Date "2024.04.02"]
[Round "7"]
[White "Gabcur"]
[Black "teresin05"]
[Result "0-1"]
[WhiteElo "2335"]
[BlackElo "2253"]
[TimeControl "180+1"]
[EndTime "9:17:32 PDT"]
[Termination "teresin05 won by resignation"]

1. d4 d5 2. Nc3 Nf6 3. Bf4 Bf5 4. f3 e6 5. g4 Bg6 6. h4 h6 7. e3 a6 8. Bd3 Bxd3 9. Qxd3 c5 10. Nge2 Nc6 11. Bg3 Nb4 12. Qd2 cxd4 13. exd4 Bd6 14. Kf2 O-O 15. Rag1 Bxg3+ 16. Nxg3 Nd7 17. g5 Kh7 18. a3 Nc6 19. Qd3+ g6 20. h5 Qxg5 21. hxg6+ fxg6 22. Rh5 Rxf3+ 23. Kxf3 Nce5+ 24. dxe5 Nxe5+ 25. Kg2 Nxd3 26. Rxg5 Nf4+ 27. Kf3 hxg5 28. Kg4 Kg7 29. Re1 Kf6 30. Rf1 Rh8 31. Kf3 Rh3 32. Rh1 Rxh1 33.
Nxh1 e5 34. Nf2 Kf5 35. Ke3 d4+ 36. Kf3 dxc3 37. bxc3 g4+ 38. Nxg4 e4+ 39. Kg3 Ne2+ 40.
Kh4 g5+ 41. Kh5 Nf4+ 0-1

[Event "Early-Titled-Tuesday-Blitz-April-02-2024"]
[Site "Chess.com"]
[Date "2024.04.02"]
[Round "7"]
[White "SlavenPastar"]
[Black "MIss_MIaMI"]
[Result "1-0"]
[WhiteElo "2550"]
[BlackElo "2370"]
[TimeControl "180+1"]
[EndTime "9:17:33 PDT"]
[Termination "SlavenPastar won by resignation"]

1. Nf3 c5 2. g3 e6 3. c4 Nc6 4.
Bg2 Nf6 5. Nc3 d6 6. O-O Be7 7. d4 cxd4 8. Nxd4 Nxd4 9. Qxd4 O-O 10. Bg5 h6 11. Be3 a6 12. Rfd1 Qc7 13. Rac1 Rd8 14. b3 Bd7 15. Qd2 Kf8 16. Bf4 e5 17. Be3 Be6 18. Na4 Nd7 19. h3 Nc5 20. Nc3 Rac8 21. Qc2 Kg8 22. Qd2 f5 23. Bd5 Bxd5 24. Nxd5 Qd7 25.
Nb6 Qe6 26. Nxc8 Rxc8 27. Bxc5 Rxc5 28. Kg2 Kf7 29. e3 g5 30. Qd3 Ra5 31. a4 Kf6 32. e4 f4 33. g4 Rc5 34. b4 Rc6 35. Qd5 Bf8 36. Qxe6+ Kxe6 37. f3 Be7 38. b5 axb5 39.
cxb5 Rb6 40. Rd5 Bd8 41. a5 Ra6 42. bxa6 bxa6 43. Rc6 Be7 44. Rxa6 1-0

[Event "Early-Titled-Tuesday-Blitz-April-02-2024"]
[Site "Chess.com"]
[Date "2024.04.02"]
[Round "7"]
[White "ValentinDragnev"]
[Black "Vasily_IM"]
[Result "1-0"]
[WhiteElo "2728"]
[BlackElo "2555"]
[TimeControl "180+1"]
[EndTime "9:17:34 PDT"]
[Termination "ValentinDragnev won by resignation"]

1. d4 d5 2. c4 e6 3. Nf3 Nf6 4. g3 a6 5. Bg2 dxc4 6. O-O b5 7.
Ne5 c6 8. Nxc6 Qb6 9. Na5 Ra7 10.
Bd2 c3 11. Bxc3 b4 12. Nc4 Qc7 13. Bxb4 Qxc4 14. Bxf8 Kxf8 15. Na3 Qb4 16. Rc1 Bb7 17. Rc4 Qb6 18. Qa4 Ke7 19. Rb4 Qc7 20. Rc4 Qd6 21. d5 Bxd5 22. Rd1 Rc7 23. e4 Rxc4 24.
Nxc4 Qc5 25. exd5 Nxd5 26. Bxd5 exd5 27. Re1+ Kf6 28. Ne5 d4 29. Qd1 Qd5 30. Qh5 g6 31. Ng4+ Kg7 32. Qxd5 1-0

[Event "Early-Titled-Tuesday-Blitz-April-02-2024"]
[Site "Chess.com"]
[Date "2024.04.02"]
[Round "7"]
[White "nikitakhoroshev"]
[Black "JoliyRoger"]
[Result "1-0"]
[WhiteElo "2579"]
[BlackElo "2420"]
[TimeControl "180+1"]
[EndTime "9:17:36 PDT"]
[Termination "nikitakhoroshev won on time"]

1. e4 c6 2. Nf3 d5 3. Nc3 Bg4 4. h3 Bxf3 5. Qxf3 e6 6. d4 Nf6 7. Qe3 Bb4 8. e5 Ne4 9. a3 Bxc3+ 10. bxc3 Qa5 11. Bd2 b5 12. Bd3 Nxd2 13. Qxd2 Nd7 14.
O-O O-O 15. a4 bxa4 16. f4 f5 17. exf6 Nxf6 18. Ra3 c5 19. Qe3 c4 20. Qxe6+ Kh8 21. Bf5 Rae8 22. Qc6 g6 23. Be6 Qb6 24. Bxd5 Qb2 25.
Rxa4 Qxc3 26. Rxc4 Qe3+ 27. Kh2 Nh5 28. Rf3 Qc1 29.
Be4 Qe1 30. Bd3 Re3 31. Rxe3 Qxe3 32. Qf3 Qe1 33. d5 a5 34. d6 Qe6 35. Rd4 a4 36.
d7 Rd8 37. Bb5 a3 38. Qxa3 Qf6 39. Qd6 Qxd6 40. Rxd6 Nxf4 41. Rc6 Kg7 42. Rc8 Ne6 43. Bc4 1-0

[Event "Early-Titled-Tuesday-Blitz-April-02-2024"]
[Site "Chess.com"]
[Date "2024.04.02"]
[Round "7"]
[White "Kirill_Klukin"]
[Black "profedechess93"]
[Result "0-1"]
[WhiteElo "2804"]
[BlackElo "2662"]
[TimeControl "180+1"]
[EndTime "9:17:37 PDT"]
[Termination "profedechess93 won by resignation"]

1. d4 d5 2. c4 c6 3. Nc3 Nf6 4. Nf3 dxc4 5. e3 b5 6. a4 b4 7.
Na2 a5 8. Bxc4 Ba6 9. Qe2 Bxc4 10. Qxc4 Qd5 11. Qe2 e6 12. O-O Nbd7 13. Bd2 Bd6 14.
Nc1 c5 15. Re1 Ne4 16. Nd3 O-O 17. Nf4 Bxf4 18. exf4 Nxd2 19. Qxd2 c4 20. Rac1 Rfc8 21. Rc2 Nb6 22. Ra1 c3 23. Qe2 cxb2 24. Rxb2 Nc4 25.
Rbb1 Rab8 26. Qd3 Na3 27. Rb2 g6 28. h4 Kg7 29. Re1 Rc3 30. Qa6 Rxf3 31. gxf3 Qxf3 32. Qxa5 Nc4 33. Qc7 Nxb2 34. Qxb8 Nd3 35. Rf1 Nxf4 36. Qe5+ f6 37. Qxf4 Qxf4 0-1

[Event "Early-Titled-Tuesday-Blitz-April-02-2024"]
[Site "Chess.com"]
[Date "2024.04.02"]
[Round "7"]
[White "Saxar85"]
[Black "Goffredo_Fofi"]
[Result "1-0"]
[WhiteElo "2744"]
[BlackElo "2570"]
[TimeControl "180+1"]
[EndTime "9:17:37 PDT"]
[Termination "Saxar85 won by resignation"]

1. e4 g6 2. d4 Bg7 3. Nc3 c6 4. Nf3 d5 5. Bd3 dxe4 6. Nxe4 Nf6 7. Nxf6+ exf6 8. h3 Be6 9. O-O O-O 10. Bf4 a5 11.
Qd2 Na6 12. c3 Nc7 13. Rfe1 Nd5 14. Bg3 Re8 15. Re2 h5 16. Rae1 Kh7 17. Qc2 Qd7 18. Nd2 f5 19. Nf3 f6 20. Nh4 Bf7 21.
Nxf5 Rxe2 22. Rxe2 Re8 23. Rxe8 Qxe8 24. Nd6 Qe6 25. Nxf7 Qxf7 26. Qe2 Bh6 27. Qxh5 Kg7 28. Qe2 Nf4 29. Bxf4 Bxf4 30. g3 Bc1 31. b3 Ba3 32. Qe4 Bd6 33. Bc4 Qe7 34. Qxe7+ Bxe7 35.
Be6 Ba3 36. c4 Bb2 37. d5 cxd5 38. cxd5 Kf8 39. f4 Ke7 40. Kf2 Bd4+ 41. Kf3 Bc3 42. h4 Be1 43. Kg2 b6 44. Kh3 Bd2 45. Kg4 Be1 46. Kf3 Kf8 47. d6 Bb4 48. d7 Ke7 49.
f5 gxf5 50. Bxf5 Bd2 51. Kg4 Be1 52. a4 Bf2 53. Kf3 Be1 54. h5 Bd2 55. g4 Bh6 56.
Ke4 Bg5 57. Kd5 Bc1 58. Kc6 Be3 59. Kc7 1-0

[Event "Early-Titled-Tuesday-Blitz-April-02-2024"]
[Site "Chess.com"]
[Date "2024.04.02"]
[Round "7"]
[White "MagnusCarlsen"]
[Black "MITerryble"]
[Result "1/2-1/2"]
[WhiteElo "3228"]
[BlackElo "3015"]
[TimeControl "180+1"]
[EndTime "9:17:38 PDT"]
[Termination "Game drawn - insufficient material"]

1. e4 e6 2. d4 d5 3. Nc3 Nf6 4.
e5 Nfd7 5. Nce2 c5 6. c3 cxd4 7. cxd4 f6 8. exf6 Nxf6 9. Nf3 Nc6 10. Ng3 Bb4+ 11. Bd2 Qb6 12. Bxb4 Qxb4+ 13. Qd2 Bd7 14. a3 Qxd2+ 15. Kxd2 Ne4+ 16. Ke3 Nd6 17. Rc1 Ke7 18. Bd3 Rac8 19. Ne5 Nxe5 20. dxe5 Nc4+ 21. Bxc4 dxc4 22.
Ne4 b5 23. Rhd1 Bc6 24. Nd6 Rb8 25.
f4 h5 26. g3 Rhf8 27. a4 a6 28. axb5 axb5 29. Ra1 Ra8 30. Kd4 Bd7 31. Kc5 Rfb8 32. h3 Rf8 33. Rxa8 Rxa8 34. g4 hxg4 35. hxg4 Ra2 36. Rb1 Ra4 37. f5 c3 38. b4 Ra2 39.
Rc1 Rd2 40. Rxc3 Rd5+ 41. Kb6 Rxe5 42. Kc7 exf5 43. gxf5 Bxf5 44. Re3 Ke6 45. Rxe5+ Kxe5 46. Nxb5 Bd3 47. Nd6 Ke6 48. b5 Bxb5 49. Nxb5 Kd5 50. Nc3+ Kd4 51. Ne2+ Ke3 52. Ng3 Kf3 53. Nh5 g6 54.
Nf6 g5 55. Kd6 g4 56. Nxg4 1/2-1/2

[Event "Early-Titled-Tuesday-Blitz-April-02-2024"]
[Site "Chess.com"]
[Date "2024.04.02"]
[Round "7"]
[White "KATPAH"]
[Black "LiadCuba"]
[Result "1-0"]
[WhiteElo "2667"]
[BlackElo "2538"]
[TimeControl "180+1"]
[EndTime "9:17:40 PDT"]
[Termination "KATPAH won on time"]

1. e4 c5 2. d4 cxd4 3. c3 d5 4. exd5 Qxd5 5. cxd4 Nc6 6. Nf3 e5 7. Nc3 Bb4 8. Be2 exd4 9. O-O Bxc3 10. bxc3 Nge7 11. Nxd4 Nxd4 12. Qxd4 Qxd4 13. cxd4 Be6 14. Bf3 Bd5 15. Ba3 Bxf3 16. Rfe1 Bd5 17. Rxe7+ Kd8 18. Re5 Be6 19. d5 Bd7 20. Re7 Be8 21. Rxb7 Kc8 22.
Rab1 h5 23. Bd6 Rh6 24. Bf4 Rb6 25. Rc7+ Kd8 26. Re1 Bd7 27. h4 Rb4 28. Bg3 Ra4 29. d6 Be6 30. Be5 Rc8 31. Re7 Rc6 32. Bxg7 Rxd6 33.
Bf6 Kc8 34. Rc1+ Rc4 35. Rxc4+ Bxc4 36. Be5 Rd1+ 37. Kh2 Bxa2 38. Rxa7 Be6 39. Ra5 Rd2 40. Bg3 Bg4 41. Ra7 Be6 42. f3 Bd5 43. Ra3 Kd7 44.
Bf4 Re2 45. Kg3 Ke6 46. Ra6+ Kf5 47. Rh6 1-0

[Event "Early-Titled-Tuesday-Blitz-April-02-2024"]
[Site "Chess.com"]
[Date "2024.04.02"]
[Round "7"]
[White "Bykov_Egor"]
[Black "Brahianzevich"]
[Result "0-1"]
[WhiteElo "2636"]
[BlackElo "2546"]
[TimeControl "180+1"]
[EndTime "9:17:40 PDT"]
[Termination "Brahianzevich won on time"]

1. e4 c5 2. Nf3 d6 3. d4 cxd4 4. Nxd4 Nf6 5. Nc3 a6 6. Be3 Ng4 7. Bc1 Nf6 8. Bg5 e6 9. f4 h6 10. Bh4 Qb6 11. Qd2 Qxb2 12. Rb1 Qa3 13. e5 dxe5 14. fxe5 g5 15. Bg3 Nh5 16. Be2 Nxg3 17. hxg3 Qa5 18. O-O Qxe5 19. Bh5 Bc5 20. Ne2 O-O 21.
Kh2 Nd7 22. Rb3 Nf6 23. Re3 Ne4 24. Qd3 f5 25. Nf3 Qc7 26. Rxe4 fxe4 27. Qxe4 Qg7 28.
Rd1 Bd7 29. Ne5 Bb5 30. c4 Ba4 31. Rb1 Rab8 32. Nd3 Bc6 33. Qxe6+ Kh8 34. Nxc5 Qf6 35. Qxf6+ Rxf6 36. Nd4 Rd8 37. Nce6 Rd6 38. Bg4 h5 39.
Bxh5 Rfxe6 40. Nxe6 Rxe6 41. Rb2 Re3 42. Bg4 Rc3 43. Be6 Kg7 44. Rf2 a5 45. Kh3 Re3 46. Kg4 Rxe6 47. Kxg5 Re4 0-1

[Event "Early-Titled-Tuesday-Blitz-April-02-2024"]
[Site "Chess.com"]
[Date "2024.04.02"]
[Round "7"]
[White "NovakRatko"]
[Black "ChempionBg"]
[Result "1/2-1/2"]
[WhiteElo "2443"]
[BlackElo "2300"]
[TimeControl "180+1"]
[EndTime "9:17:40 PDT"]
[Termination "Game drawn by repetition"]

1. d4 Nf6 2. c4 g6 3. Nc3 Bg7 4. e3 d6 5. e4 O-O 6. f3 Nc6 7. Be3 e5 8. d5 Nd4 9. Nge2 Nxe2 10. Bxe2 Nh5 11. Qd2 Nf4 12. Bxf4 exf4 13. Qxf4 f5 14. Qd2 Bxc3 15. Qxc3 fxe4 16. O-O exf3 17. Rxf3 Bd7 18. Raf1 Qe7 19. Bd3 Rxf3 20. Rxf3 Rf8 21. Rxf8+ Qxf8 22. Qd4 Bf5 23. Bf1 a6 24. b4 Qg7 25. Qa7 Qc3 26.
Qb8+ Kg7 27. Qxc7+ Kh6 28. Qxd6 Qe3+ 29. Kh1 Qf2 30. h3 Qxf1+ 31. Kh2 Qxc4 32. Qf8+ Kg5 33. Qe7+ Kh5 34. Qxh7+ Kg5 35. Qe7+ Kh5 36. g4+ Bxg4 37. hxg4+ Kxg4 38. Qxb7 Qe2+ 39. Kg1 Qe1+ 40. Kg2 Qe2+ 41.
Kg1 Qe1+ 42. Kg2 Qe2+ 43. Kg1 1/2-1/2

[Event "Early-Titled-Tuesday-Blitz-April-02-2024"]
[Site "Chess.com"]
[Date "2024.04.02"]
[Round "7"]
[White "IriBu"]
[Black "Aradhya2000"]
[Result "1/2-1/2"]
[WhiteElo "2594"]
[BlackElo "2753"]
[TimeControl "180+1"]
[EndTime "9:17:41 PDT"]
[Termination "Game drawn by repetition"]

1. e4 e5 2. Nc3 Nf6 3. Nf3 Nc6 4. d4 Bb4 5. dxe5 Nxe4 6. Qd3 d5 7.
a3 Bxc3+ 8. bxc3 Bf5 9. Qe3 O-O 10. Nd4 Nxd4 11. cxd4 c5 12. Bd2 Rc8 13. Bd3 f6 14. O-O fxe5 15. dxe5 d4 16. Qe2 Nxd2 17. Qxd2 Bxd3 18. cxd3 Qd5 19. f4 b5 20. Rad1 Rfd8 21. Rde1 c4 22. f5 c3 23. Qg5 Rf8 24. f6 Rc7 25.
Rf2 c2 26. Rxc2 Rcf7 27. Rf2 h6 28. Qg3 Kh7 29. e6 Rxf6 30. Rxf6 gxf6 31. e7 Re8 32.
Qf4 Kg6 33. Re4 Qg5 34. Qf2 Qc1+ 35. Re1 Qc5 36. Qe2 Kf7 37. Qe6+ Kg7 38. h3 a5 39. Qd7 Kf7 40. Qe6+ Kg7 41. Qg4+ Kf7 42. Qe6+ Kg7 1/2-1/2

[Event "Early-Titled-Tuesday-Blitz-April-02-2024"]
[Site "Chess.com"]
[Date "2024.04.02"]
[Round "7"]
[White "HeroWilczek"]
[Black "MatthewG-p4p"]
[Result "0-1"]
[WhiteElo "2548"]
[BlackElo "2861"]
[TimeControl "180+1"]
[EndTime "9:17:41 PDT"]
[Termination "MatthewG-p4p won by resignation"]

1. e4 e6 2. d4 d5 3. Nc3 Bb4 4. e5 Ne7 5. Bd3 c5 6. a3 Bxc3+ 7. bxc3 Qc7 8. Qg4 cxd4 9. Ne2 dxc3 10. Qxg7 Rg8 11.
Qxh7 Nbc6 12. f4 Bd7 13. Qh3 O-O-O 14. Qf3 d4 15. h4 Qb6 16. h5 Na5 17. h6 Bc6 18.
Be4 d3 19. cxd3 c2 20. h7 Rh8 21. Be3 Qb2 22. Kf2 Rxd3 23. Rac1 Nc4 24. Bxd3 Bxf3 25. gxf3 Nxe3 26. Kxe3 Qb6+ 27. Kd2 Qa5+ 28. Ke3 Qxa3 29.
Rxc2+ Kb8 30. Kd2 Rd8 31. Nc3 Rh8 32. Ne4 Qb4+ 33. Nc3 Nd5 34. Be4 Qd4+ 35. Kc1 Nxc3 36.
Rd2 Qc5 37. Rc2 Qe3+ 38. Kb2 Nxe4 39. fxe4 Qd4+ 40. Kb1 Qxe4 41. Rg1 Qxh7 0-1

[Event "Early-Titled-Tuesday-Blitz-April-02-2024"]
[Site "Chess.com"]
[Date "2024.04.02"]
[Round "7"]
[White "KononenkoD"]
[Black "EvgenyBurmakin"]
[Result "1-0"]
[WhiteElo "2625"]
[BlackElo "2356"]
[TimeControl "180+1"]
[EndTime "9:17:42 PDT"]
[Termination "KononenkoD won by resignation"]

1. d4 Nf6 2. c4 g6 3. Nc3 Bg7 4. g3 O-O 5. Bg2 d6 6. Nf3 Nbd7 7. O-O e5 8. e4 c6 9. Re1 Re8 10. h3 Qc7 11. Be3 exd4 12. Nxd4 Ne5 13. b3 Ned7 14.
Qc2 Nf8 15. Rad1 Ne6 16. f4 Bd7 17. Bf2 Nxd4 18. Bxd4 Rad8 19. Kh2 Bc8 20. e5 dxe5 21.
Bxe5 Qb6 22. Rxd8 Rxd8 23. Ne4 Bf5 24. Nxf6+ Bxf6 25. Qc3 Bxe5 26. Qxe5 h5 27. Qf6 Rf8 28. Re7 Qf2 29. Qe5 h4 30. g4 Bd3 31. Qe3 Qc2 32. Rd7 Bxc4 33. bxc4 Qxc4 34. Rxb7 Qxa2 35. Rxa7 Qc2 36. Rc7 Rd8 37. Rxc6 Qa2 38. Qe5 Qd2 39. Rc7 Qb2 40. Qxb2 1-0

[Event "Early-Titled-Tuesday-Blitz-April-02-2024"]
[Site "Chess.com"]
[Date "2024.04.02"]
[Round "7"]
[White "CSB7"]
[Black "Iball95"]
[Result "0-1"]
[WhiteElo "2776"]
[BlackElo "2942"]
[TimeControl "180+1"]
[EndTime "9:17:43 PDT"]
[Termination "Iball95 won by resignation"]

1. e4 c5 2. Nf3 e6 3. g3 d5 4. exd5 exd5 5. d4 Nc6 6. Bg2 Nf6 7. O-O Be7 8. dxc5 Bxc5 9. Nc3 O-O 10. h3 h6 11. a3 a5 12. Qd3 Be6 13. Bf4 Re8 14.
Rad1 Rc8 15. Kh2 Qd7 16. g4 Rcd8 17. Bg3 d4 18. Nb5 Bd5 19. Nc7 Re7 20. Nxd5 Nxd5 21.
Rfe1 Rxe1 22. Rxe1 Nf6 23. Ne5 Nxe5 24. Bxe5 Bd6 25.
f4 Bxe5 26. fxe5 Nh7 27. Qe4 Ng5 28. Qxb7 Qxb7 29. Bxb7 Rb8 30. Bg2 Rxb2 31. h4 Ne6 32. Rc1 Nf4 33. Be4 d3 34. Kh1 Ne2 35. Rd1 Ng3+ 36.
Kg1 Nxe4 37. Rxd3 Rxc2 38. Rd8+ Kh7 39. Rd7 Rc5 40. Rxf7 Rxe5 41. Ra7 Nf6 0-1

[Event "Early-Titled-Tuesday-Blitz-April-02-2024"]
[Site "Chess.com"]
[Date "2024.04.02"]
[Round "7"]
[White "Darkdefense15"]
[Black "karinachess1"]
[Result "0-1"]
[WhiteElo "2339"]
[BlackElo "2616"]
[TimeControl "180+1"]
[EndTime "9:17:43 PDT"]
[Termination "karinachess1 won by resignation"]

1. d4 Nf6 2. Bf4 e6 3. e3 b6 4. Qf3 d5 5. Nc3 Bd6 6. O-O-O Bb7 7. Bd3 Nc6 8. g4 Nb4 9. Bb5+ c6 10. Be2 c5 11. g5 Ne4 12. Bb5+ Ke7 13. Bxd6+ Qxd6 14. Nxe4 dxe4 15. Qg3 Nxa2+ 16. Kb1 Qxg3 17. hxg3 Nb4 18. dxc5 Rad8 19. Ne2 bxc5 20. Rxd8 Rxd8 21. Kc1 Rd5 22. Rxh7 Rxg5 23. Nf4 e5 24. Ne2 Rf5 25. Rh2 Rf6 26. Nc3 Rh6 27. Rxh6 gxh6 28. Bc4 f5 29. Kd2 Kf6 30.
Nb5 a5 31. c3 Nc6 32. Bd5 Nd8 33. Nc7 h5 34. Bxb7 Nxb7 35. Ne8+ Kg5 36. Nc7 Nd8 37. Na6 Ne6 38. Ke2 f4 39. exf4+ exf4 40. Nb8 Kg4 41.
gxf4 Nxf4+ 42. Kf1 h4 43. Nd7 Nd3 44. b3 h3 45.
Nf6+ Kf3 46. Nh5 h2 47. Ng3 e3 0-1

[Event "Early-Titled-Tuesday-Blitz-April-02-2024"]
[Site "Chess.com"]
[Date "2024.04.02"]
[Round "7"]
[White "Felix-Rose"]
[Black "LeoLV10"]
[Result "1-0"]
[WhiteElo "2338"]
[BlackElo "2502"]
[TimeControl "180+1"]
[EndTime "9:17:43 PDT"]
[Termination "Felix-Rose won on time"]

1. e4 c6 2. d4 d5 3. e5 Bf5 4. h4 h5 5. Bd3 Bxd3 6. Qxd3 e6 7. Bg5 Qb6 8. Nd2 Nd7 9. Ngf3 c5 10. c4 cxd4 11. cxd5 Nc5 12. Qxd4 Be7 13. d6 Bxg5 14. hxg5 Nd7 15. Qc3 Qc5 16. Rc1 Qxc3 17. Rxc3 f6 18. Rc7 Rb8 19. O-O h4 20. exf6 gxf6 21. Re1 e5 22. gxf6 Ngxf6 23. Nxe5 Nxe5 24. Rxe5+ Kd8 25. Ree7 Nd5 26. Rcd7+ Kc8 27. Rg7 a5 28.
Nc4 b6 29. Ne3 Nf6 30. Rc7+ Kd8 31. Nf5 Rf8 32. Ne7 Ke8 33. Nc6 Rg8 34. Rge7+ Kf8 35.
Nxb8 h3 36. g3 Rg5 37. Rc8+ 1-0

[Event "Early-Titled-Tuesday-Blitz-April-02-2024"]
[Site "Chess.com"]
[Date "2024.04.02"]
[Round "7"]
[White "HajiyevKanan"]
[Black "GMKrikor"]
[Result "0-1"]
[WhiteElo "2598"]
[BlackElo "2896"]
[TimeControl "180+1"]
[EndTime "9:17:45 PDT"]
[Termination "GMKrikor won by resignation"]

1. d4 Nf6 2. Nf3 g6 3. g3 Bg7 4. Bg2 O-O 5. O-O d5 6. b3 Nbd7 7. Bb2 c5 8. e3 b6 9. c4 Bb7 10. cxd5 Nxd5 11. Nc3 Nxc3 12. Bxc3 Rc8 13. Rc1 cxd4 14.
Bxd4 Rxc1 15. Qxc1 Bxf3 16. Bxf3 Bxd4 17. exd4 Nf6 18. d5 Qd6 19. Re1 Rd8 20. Qc6 Qxc6 21. dxc6 e6 22. Rc1 Ne8 23. b4 Kf8 24. a4 Ke7 25. b5 Nc7 26. h4 Rd4 27. Ra1 Rb4 28.
Kg2 Rd4 29. Ra2 Kd6 30. Be2 h6 31. a5 Rd5 32. axb6 axb6 33. Ra6 Nxa6 34. bxa6 Ra5 35. h5 gxh5 36. Kh3 Kxc6 37. Kh4 b5 38. Kxh5 b4+ 39. Kxh6 b3 40. Bd3 Kb6 41. Kg7 Rd5 42. Be4 Rd4 43. Bb1 f5 44. Kf6 Rd1 45. a7 Kxa7 46. Kxe6 Rxb1 47.
Kxf5 Rc1 0-1

[Event "Early-Titled-Tuesday-Blitz-April-02-2024"]
[Site "Chess.com"]
[Date "2024.04.02"]
[Round "7"]
[White "Sofia_Blokhin"]
[Black "santosalberto1987"]
[Result "1-0"]
[WhiteElo "2277"]
[BlackElo "2485"]
[TimeControl "180+1"]
[EndTime "9:17:45 PDT"]
[Termination "Sofia_Blokhin won by checkmate"]

1. d3 d5 2. d4 Nf6 3. a3 Bf5 4. e3 e6 5. c4 c5 6. Nc3 cxd4 7. exd4 Nc6 8. Nf3 Be7 9. cxd5 Nxd5 10. Bd3 Bxd3 11.
Qxd3 O-O 12. O-O Rc8 13. Nxd5 Qxd5 14. Be3 Bf6 15. Rfd1 Rfd8 16. Rac1 Qd7 17. Qe2 Ne7 18. Ne5 Qa4 19. Qh5 Bxe5 20. dxe5 Nd5 21. Bg5 Re8 22. Qh3 Qd7 23. Qg3 Kh8 24. h4 Rxc1 25. Rxc1 Rc8 26. h5 h6 27. Rxc8+ Qxc8 28. Be3 a6 29. Qh4 Qc2 30.
Qd4 Nxe3 31. fxe3 Qf5 32. g4 Qf3 33. Qd8+ Kh7 34. Qd3+ g6 35. hxg6+ fxg6 36. Qd7+ Kh8 37. Qe8+ Kg7 38. Qxe6 Qxe3+ 39. Kg2 Qe4+ 40. Kg1 h5 41. Qf6+ Kh7 42. Qe7+ Kg8 43. Qe8+ Kg7 44. Qe7+ Kh8 45. Qe8+ Kh7 46. Qe7+ Kh6 47. g5# 1-0

[Event "Early-Titled-Tuesday-Blitz-April-02-2024"]
[Site "Chess.com"]
[Date "2024.04.02"]
[Round "7"]
[White "GM_Levan_Pantsulaia"]
[Black "Jospem"]
[Result "1-0"]
[WhiteElo "2896"]
[BlackElo "3044"]
[TimeControl "180+1"]
[EndTime "9:17:48 PDT"]
[Termination "GM_Levan_Pantsulaia won by resignation"]

1. Nf3 c5 2. c4 Nc6 3. Nc3 g6 4. e3 Bg7 5. d4 d6 6. d5 Na5 7. Bd2 Nf6 8. a3 b6 9. b4 Nb7 10. Bd3 O-O 11. O-O Bg4 12. h3 Bxf3 13. Qxf3 cxb4 14. axb4 a5 15. Na2 Nd7 16. Rab1 Qc7 17.
Qe2 Rfc8 18. Rfc1 Ne5 19. Be1 Qd7 20. Qd1 Rc7 21. Bf1 Qc8 22. Nc3 Qd8 23. Nb5 Rcc8 24. Nd4 axb4 25. f4 Nd7 26. Nc6 Qe8 27. Rxb4 Na5 28.
Qf3 e5 29. dxe6 fxe6 30. Nd4 Qe7 31. Rbb1 Kh8 32. Nb5 Nc5 33. Rd1 Nab7 34. Bb4 Rab8 35.
Na7 Qc7 36. Nxc8 Rxc8 37. Be1 Rf8 38. Qg4 Nd8 39. Bb4 Ne4 40. Bd3 Nc5 41. Bc2 Kg8 42. h4 Qe7 43. h5 gxh5 44. Qxh5 h6 45. Qg6 Rf6 46. Qh7+ Kf8 47. Bc3 e5 48. fxe5 dxe5 49. Rf1 Nd7 50. Bb4 Nc5 51. Rxf6+ Bxf6 52. Qxh6+ Ke8 53.
Rf1 Bg7 54. Qxb6 Nde6 55. Bg6+ Kd7 56. Rd1+ Kc8 57. Bxc5 Nxc5 58. Bf5+ 1-0

[Event "Early-Titled-Tuesday-Blitz-April-02-2024"]
[Site "Chess.com"]
[Date "2024.04.02"]
[Round "7"]
[White "Dewarfd"]
[Black "zeitnotakrobat"]
[Result "1-0"]
[WhiteElo "2119"]
[BlackElo "2186"]
[TimeControl "180+1"]
[EndTime "9:17:48 PDT"]
[Termination "Dewarfd won on time"]

1. c4 f5 2. e4 fxe4 3. d3 Nf6 4. dxe4 e5 5. Nc3 Bb4 6. Bd2 O-O 7. Bd3 d6 8. Nge2 Nc6 9. a3 Bxc3 10. Bxc3 Be6 11.
O-O Qd7 12. b4 Ne7 13. c5 Ng6 14. cxd6 Qxd6 15. Bc2 Qc6 16. Bb3 Rad8 17. Bxe6+ Qxe6 18. Qc2 c6 19. Rad1 Rxd1 20. Rxd1 Ng4 21. Be1 Qf6 22. Ng3 Kh8 23. h3 Nh6 24. Rd7 Rd8 25. Qd1 Rf8 26. Rxb7 Nf4 27. Rxa7 Nf7 28. Qd7 h6 29. Qe7 Qxe7 30.
Rxe7 Ng5 31. a4 Rd8 32. Bc3 Rd1+ 33. Kh2 Kg8 34. Bxe5 Nd3 35. Rxg7+ Kf8 36. Rd7 Nxf2 37. Rxd1 Nxd1 38. b5 cxb5 39. axb5 Nf7 40. Bf4 Nc3 41. b6 Nd8 42. Bxh6+ Kf7 43. e5 Ke6 44. Be3 Nb7 45. Bd4 Nb5 46. Bb2 1-0

[Event "Early-Titled-Tuesday-Blitz-April-02-2024"]
[Site "Chess.com"]
[Date "2024.04.02"]
[Round "7"]
[White "krstulov_alex"]
[Black "Yaacovn"]
[Result "0-1"]
[WhiteElo "2683"]
[BlackElo "2857"]
[TimeControl "180+1"]
[EndTime "9:17:51 PDT"]
[Termination "Yaacovn won by resignation"]

1. d4 Nf6 2. c4 e5 3. dxe5 Ne4 4. a3 d6 5. Qc2 d5 6. e3 Bf5 7. Nc3 Ng3 8. e4 Nxe4 9. Bd3 Bg6 10. Nxe4 dxe4 11.
Bxe4 Nc6 12. Nf3 Qd7 13. O-O O-O-O 14. Bg5 Be7 15. Bxc6 Qxc6 16. Qc1 Bxg5 17. Qxg5 Be4 18. Nd2 Bxg2 19. Rfd1 Bh3 20. Qg3 Bf5 21. Nf3 Bg6 22.
Nd4 Qe4 23. Nb5 a6 24. Re1 Qf5 25. Nc3 Rd3 26. Qg2 Re8 27. Nd5 c6 28. Nb6+ Kc7 29.
c5 Qf3 30. Qxf3 Rxf3 31. Nc4 Rd3 32. Nd6 Re7 33. f4 Bh5 34. f5 Rd5 35. f6 gxf6 36.
exf6 Rxe1+ 37. Rxe1 Rxc5 38. Nxf7 Rd5 39. Re7+ Rd7 40.
Rxd7+ Kxd7 41. Ne5+ Ke6 42. Nc4 Be8 43. Na5 b6 44. f7 Kxf7 45. Nc4 b5 46. Nd6+ Ke7 47.
Nf5+ Kf6 48. Nd6 Bg6 49. b4 Ke5 50. Nb7 Kd5 51. Nc5 a5 52. Kf2 axb4 53. axb4 Kc4 54. Na6 Bf5 55. Ke3 Bc8 56. Nb8 Bb7 57. Nd7 Kxb4 58. Kd4 Bc8 59. Nf6 c5+ 60. Ke5 Kc4 61.
Ne4 Ba6 62. Kf6 Kd4 63. Nd2 c4 64. h4 c3 65. Nb3+ Kc4 66. Na5+ Kb4 67. Nc6+ Kc5 68. Ne5 b4 69. Nd3+ Bxd3 0-1

[Event "Early-Titled-Tuesday-Blitz-April-02-2024"]
[Site "Chess.com"]
[Date "2024.04.02"]
[Round "7"]
[White "N_I_Chess"]
[Black "carloseduar100"]
[Result "1-0"]
[WhiteElo "2376"]
[BlackElo "2200"]
[TimeControl "180+1"]
[EndTime "9:17:51 PDT"]
[Termination "N_I_Chess won by resignation"]

1. d4 d5 2. c4 e5 3. dxe5 d4 4. a3 Nc6 5. Nf3 Nge7 6. e3 Bg4 7. Be2 dxe3 8. Qxd8+ Rxd8 9. Bxe3 Ng6 10. O-O Ngxe5 11. Nc3 Nxf3+ 12. gxf3 Be6 13. Nb5 Bd6 14. c5 Be5 15. f4 Bxb2 16. Rab1 Bd4 17. Nxc7+ Ke7 18. Rxb7 Rd7 19. Nxe6 Bxe3 20. Rxd7+ Kxd7 21. fxe3 Kxe6 22. Rd1 Rd8 23. Bc4+ Ke7 24. Rxd8 Nxd8 25. Bd5 f5 26. Bg8 Ne6 27. c6 Nf8 28. Kf2 Kd6 29. Bd5 Ne6 30. Bf3 g6 31. Ke2 Nc7 32. Kd3 Nb5 33. a4 Nc7 34. Kc4 a6 35. Kb4 Ne6 36. Ka5 Nc5 37.
Kb6 Nxa4+ 38. Kxa6 Kc7 39. Kb5 Nc3+ 40. Kc5 Nd1 41. Bxd1 Kd8 42. Bb3 Ke7 43. Bg8 h6 44. Bh7 g5 45. Bxf5 gxf4 46. exf4 Kf6 47. Bh3 1-0